 Dungeon Crawl Stone Soup version 0.29.1-1-gd02db6906a (webtiles) character file.

Game seed: 191031189597962369

485 lonewolfV2 the Covered (level 6, -6/55 HPs)
             Began as a Minotaur Fighter on Oct 15, 2022.
             Mangled by an ogre
             ... wielding a +0 giant spiked club
              (19 damage)
             ... on level 4 of the Dungeon.
             The game lasted 00:06:19 (4244 turns).

lonewolfV2 the Covered (Minotaur Fighter)           Turns: 4244, Time: 00:06:19

Health: -6/55      AC:  8    Str: 22    XL:     6   Next: 88%
Magic:  5/5        EV: 10    Int:  5    God:
Gold:   180        SH:  5    Dex: 10    Spells: 5/5 levels left

rFire   . . .      SeeInvis .   a - +0 war axe (freeze)
rCold   . . .      Faith    .   c - +0 buckler
rNeg    . . .      Spirit   .   b - +1 scale mail
rPois   .          Reflect  .   (helmet restricted)
rElec   .          Harm     .   (no cloak)
rCorr   .          Rampage  .   (no gloves)
Will    .....                   (no boots)
Stlth   ..........              (no amulet)
HPRegen 0.18/turn               (no ring)
MPRegen 0.09/turn               (no ring)

@: no status effects
A: horns 2, retaliatory headbutt
a: no special abilities


You were on level 4 of the Dungeon.
You visited 1 branch of the dungeon, and saw 4 of its levels.

You collected 180 gold pieces.

Inventory:

Hand Weapons
 a - a +0 war axe of freezing (weapon)
Armour
 b - a +1 scale mail (worn)
 c - a +0 buckler (worn)
Jewellery
 j - an amulet of the acrobat
Scrolls
 g - 2 scrolls of identify
 m - 2 scrolls of teleportation
Potions
 d - a potion of might
 e - 3 potions of lignification
 f - 2 potions of curing
 i - a potion of mutation
 l - a potion of cancellation


   Skills:
 + Level 4.9 Fighting
 + Level 5.2 Axes
 + Level 5.5 Armour
 + Level 2.8 Dodging
 + Level 5.0 Shields


You had 5 spell levels left.
You didn't know any spells.
Your spell library contained the following spells:

 Spells                   Type           Power      Damage    Failure   Level
 Magic Dart               Conj           0%         1d3       86%         1
 Blink                    Tloc           0%         N/A       95%         2
 Ensorcelled Hibernation  Hex/Ice        0%         N/A       95%         2
 Passwall                 Tmut/Erth      0%         N/A       95%         2
 Searing Ray              Conj           0%         2d4       95%         2
 Swiftness                Air            0%         N/A       99%         3
 Fulminant Prism          Conj/Hex       0%         3d6       100%        4
 Manifold Assault         Tloc           0%         N/A       100%        5
 Storm Form               Tmut/Air       0%         N/A       100%        7


Dungeon Overview and Level Annotations

Branches:
Dungeon (4/15)
 Temple: D:4-7

Altars:

Shops:
D:2 (


Innate Abilities, Weirdness & Mutations

You have a pair of horns on your head.
You reflexively headbutt those who attack you in melee.


Message History

There is an escape hatch in the ceiling here.
You enter the shallow water.
Moving in this stuff is going to be slow.
An ogre comes into view. It is wielding a +0 giant spiked club.
The ogre shouts!
A scorpion comes into view.
As you read the scroll of identify, it crumbles to dust.
i - a potion of mutation
As you read the scroll of identify, it crumbles to dust.
l - a potion of cancellation You slash the scorpion!
You freeze the scorpion.
The scorpion is severely wounded.
You barely miss the ogre. The scorpion closely misses you.
You furiously retaliate!
You headbutt the scorpion, but do no damage.
The ogre closely misses you. You furiously retaliate!
You headbutt the ogre. The scorpion stings you.
You closely miss the scorpion.
You headbutt the scorpion, but do no damage.
The scorpion is severely wounded.
You hit the ogre but do no damage. The scorpion closely misses you.
The ogre closely misses you.
You barely miss the scorpion.
The scorpion is severely wounded.
You slash the ogre! You freeze the ogre.
The scorpion stings you but does no damage.
You block the ogre's attack. The scorpion stings you.
You slash the scorpion! You freeze the scorpion.
You kill the scorpion!
You hit the ogre. You freeze the ogre.
The ogre hits you with a +0 giant spiked club!
Unknown command.
You hit the ogre. You freeze the ogre.
The ogre is severely wounded.
The ogre hits you with a +0 giant spiked club!
* * * LOW HITPOINT WARNING * * *
You barely miss the ogre.
The ogre is severely wounded.
The ogre hits you with a +0 giant spiked club!!
You die...

..~~~≈≈≈≈≈≈≈≈≈≈≈≈≈~~~~8..8####...
~~~≈≈≈≈≈~~~~~~≈≈≈≈≈≈≈~~..~####.##
~≈≈≈≈~~~~#.#.~~~~~≈≈≈≈≈..~~~~#.#.
≈≈≈~~~.....#.####~~~~≈≈..≈≈≈~~~~#
≈~~~##............##~~~.)≈≈≈≈≈≈~~
~~.....####.......####~..~~~≈≈≈≈≈
#....,.#**#...........8..8.~~~~≈≈
*,,,,,,,,,#.....O^....8..8....~~~
*,,,,,,**,#.....@................
*,,,,,,*,.........####....####.#.
******,,,#........####.........#.
,*****,,,#...#....>........######
_**,,,,**###......##.....#.#
,**,**,,,*,..#.#####.....#)#
***,,,,,,*.###.**........#.# *
*,**,,,,,* #.*#.##.....#.#
***,**,*,,** *,*#,*#..####.######


You could see an ogre.

Vanquished Creatures
  An ice beast (D:4)
  A scorpion (D:4)
  A hound (D:4)
  An orc priest (D:3)
  Natasha (D:4)
  4 orc wizards
  Robin (D:2)
  4 adders
  2 worms
  3 dart slugs
  12 orcs
  4 endoplasms
  3 giant cockroaches
  17 goblins
  6 hobgoblins
  3 jackals (D:1)
  4 quokkas
  2 ball pythons
  3 bats
  A frilled lizard (D:2)
  3 kobolds
  6 rats
83 creatures vanquished.

Notes
Turn   | Place    | Note
-------+----------+-------------------------------------------
     0 | D:1      | lonewolfV2 the Minotaur Fighter began the quest for the
                  | Orb.
     0 | D:1      | Reached XP level 1. HP: 19/19 MP: 0/0
   413 | D:1      | Reached XP level 2. HP: 27/27 MP: 1/1
   857 | D:1      | Found a faded altar of an unknown god.
  1050 | D:2      | Noticed Robin
  1056 | D:2      | Reached XP level 3. HP: 29/33 MP: 2/2
  1066 | D:2      | Killed Robin
  2000 | D:2      | Found Lenad's Weapon Shoppe.
  2167 | D:2      | Reached XP level 4. HP: 40/40 MP: 3/3
  2504 | D:3      | Found a glowing drain.
  2555 | D:3      | Reached skill level 1 in Dodging
  2770 | D:3      | Reached XP level 5. HP: 3/47 MP: 4/4
  3387 | D:4      | Noticed an ice beast
  3399 | D:4      | Killed an ice beast
  3400 | D:4      | Reached skill level 5 in Armour
  3400 | D:4      | Reached XP level 6. HP: 43/53 MP: 5/5
  3577 | D:4      | Reached skill level 5 in Shields
  3884 | D:4      | Noticed Natasha
  3891 | D:4      | Killed Natasha
  3892 | D:4      | Reached skill level 5 in Axes
  4244 | D:4      | Mangled by an ogre

Illustrated notes

Levels and vault maps discovered:
D:1:      matt_arrival_refuge, layout_basic, chequers_ecumenical_altar_grove
D:2:      layout_basic, serial_shops, nicolae_diamond_shop, serial_bayou_pond_d,
          uniq_robin
D:3:      layout_loops_ring, cheibrodos_sewer_entry_drain, roderic_filled_cross
D:4:      wander_river, layout_loops_cross, gammafunk_temple_overflow_pools,
          uniq_natasha

Skill      XL: |  1  2  3  4  5  6 |
---------------+-------------------+-----
Armour         | 4 5 |  5.5
Fighting       | 4 |  4.9
Shields        | 4 5 |  5.0
Axes           | 3 4 5 |  5.2
Dodging        | 1 2 |  2.8

Action                   |  1- 3 |  4- 6 || total
-------------------------+-------+-------++-------
Melee: War axe           |    77 |   126 ||   203
       Headbutt          |     8 |    22 ||    30
  Use: Scroll            |     2 |     9 ||    11
       Potion            |       |     1 ||     1
Armor: Scale mail        |    48 |    65 ||   113
Dodge: Dodged            |    41 |    60 ||   101
Block: Buckler           |    23 |    28 ||    51
